 Dungeon Crawl Stone Soup version 0.31.0-11-ge490571c62 (webtiles) character file.

Game seed: 18019468605819122198

402 ezpacito the Chopper (level 6, -2/48 HPs)
             Began as a Demonspawn Berserker on Feb 1, 2024.
             Was a Believer of Trog.
             Splashed by a jelly's acid (7 damage)
             ... on level 4 of the Dungeon.
             The game lasted 00:04:18 (3687 turns).

ezpacito the Chopper (Demonspawn Berserker)         Turns: 3687, Time: 00:04:19

Health: -2/48      AC: -4    Str: 18    XL:     6   Next: 55%
Magic:  6/6        EV:  8    Int:  7    God:    Trog [**....]
Gold:   211        SH:  0    Dex: 14    Spells: 5/5 levels left

rFire   . . .        a - +0 hand axe
rCold   . . .        (no shield)
rNeg    . . .        c - +0 chain mail
rPois   .            i - +0 helmet
rElec   .            (no cloak)
rCorr   .            e - +0 pair of gloves
SInv    .            (no boots)
Will    .....        g - amulet of magic regeneration Stlth
                     (no ring)
HPRegen 0.28/turn    (no ring)
MPRegen 0.60/turn

%: no passive effects
@: confused, ambrosia-drunk, corroded
A: magic regeneration, weakness stinger 1
a: Renounce Religion, Berserk, Trog's Hand


You were on level 4 of the Dungeon.
You worshipped Trog.
Trog was pleased with you.
You visited 1 branch of the dungeon, and saw 4 of its levels.

You collected 211 gold pieces.

Inventory:

Hand Weapons
 a - a +0 hand axe (weapon)
Missiles
 b - 50 stones (quivered)
Armour
 c - a +0 chain mail (worn)
 e - a +0 pair of gloves (worn)
 i - a +0 helmet (worn)
Jewellery
 g - an amulet of magic regeneration (around neck)
Scrolls
 f - a scroll of vulnerability
 h - a scroll of enchant weapon
 l - a scroll of brand weapon
 o - 2 scrolls of poison
 p - a scroll of butterflies {unknown}
 r - 2 scrolls of teleportation {unknown}
Potions
 d - a potion of ambrosia
 j - 3 potions of curing {unknown}
 k - a potion of magic {unknown}
 m - a potion of brilliance {unknown}
 n - a potion of resistance
 q - a potion of mutation {unknown}


   Skills:
 * Level 3.9 Fighting
 * Level 4.6 Axes
 * Level 3.0 Armour
 * Level 2.7 Dodging
 * Level 1.6 Stealth
 * Level 1.6 Unarmed Combat


You had 5 spell levels left.
You didn't know any spells.
Your spell library was empty.

Dungeon Overview and Level Annotations

Branches:
Dungeon (4/15)             Temple (0/1) D:4

Altars:
Cheibriados
Fedhas
Kikubaaqudgha
Ru
Wu Jian
Yredelemnul

Shops:
D:2 =


Innate Abilities, Weirdness & Mutations

You regenerate magic rapidly.
You have a small tail.


Message History

Found a leather armour.
No target in view!
As you open the door, it creaks loudly!
You open the door.
A jelly comes into view.
A jelly is nearby!
You hit the jelly but do no damage.
Your hands burn!
The jelly hits you but does no damage.
You hit the jelly. The acid corrodes you!
Your hands burn!
The jelly is moderately wounded.
The jelly barely misses you.
You slash the jelly! The acid corrodes you!
Your hands burn!
The jelly is almost dead.
The jelly jiggles.
The jelly hits you. The acid corrodes you!
You are splashed with acid.
You hit the jelly.
Your hands burn!
The jelly is almost dead.
The jelly hits you. The acid corrodes you!
You are splashed with acid!
You are too injured to fight recklessly!
You are too injured to fight recklessly!
You are too injured to fight recklessly!
You are too injured to fight recklessly!
You are too injured to fight recklessly!
You are too injured to fight recklessly!
You are too injured to fight recklessly!
A jelly is nearby!
You are too injured to fight recklessly!
You hit the jelly but do no damage. The acid corrodes you!
Your hands burn!
* * * LOW HITPOINT WARNING * * *
You tail-slap the jelly.
The jelly is almost dead.
The jelly hits you.
* * * LOW HITPOINT WARNING * * *
The acid corrodes you!
You are splashed with acid.
* * * LOW HITPOINT WARNING * * *
You are confused.
You feel invigorated. The jelly hits you.
* * * LOW HITPOINT WARNING * * *
You are splashed with acid!
You die...

.†#######. #.# ..#
####.##.# ..#
#.......# ..#
###.#########
.#########............
.............#.###.##
.###########.#.# ..#
.....####
#.#.##J.##.##
........#
#.#..@......#
####.##.#
#.......##..# #.##.#
######..# #.##'## ...#
#.....# ..##
####.....# ...
...'.....# .###
####.....########.#
###........[......


You could see a jelly.

Vanquished Creatures
  A phantom (D:4)
  A scorpion (D:4)
  A bombardier beetle (D:3)
  An iguana (D:4)
  Robin (D:3)
  3 gnolls (D:2)
  7 adders
  2 dart slugs
  A ribbon worm (D:2)
  6 orcs
  5 endoplasms
  4 giant cockroaches
  12 hobgoblins
  7 kobolds
  4 quokkas
  7 ball pythons
  9 bats
  2 frilled lizards
  15 goblins
  9 rats
98 creatures vanquished.

Notes
Turn   | Place    | Note
-------+----------+-------------------------------------------
     0 | D:1      | ezpacito the Demonspawn Berserker began the quest for the
                  | Orb.
     0 | D:1      | Reached XP level 1. HP: 18/18 MP: 1/1
   262 | D:1      | Gained mutation: You have a small tail. [demonic ancestry]
   262 | D:1      | Reached XP level 2. HP: 13/24 MP: 2/2
   329 | D:1      | Found a faded altar of an unknown god.
   391 | D:1      | Reached skill level 3 in Axes
   633 | D:1      | Reached ** piety under Trog
   634 | D:1      | Reached XP level 3. HP: 25/29 MP: 3/3
  1085 | D:2      | Reached skill level 1 in Unarmed Combat
  1223 | D:2      | Reached XP level 4. HP: 24/35 MP: 4/4
  1694 | D:2      | Found Zehylil's Jewellery Shoppe.
  1992 | D:3      | Reached skill level 1 in Stealth
  2053 | D:3      | Found a basalt altar of Yredelemnul.
  2055 | D:3      | Found a snail-covered altar of Cheibriados.
  2056 | D:3      | Found an ancient bone altar of Kikubaaqudgha.
  2056 | D:3      | Found a blossoming altar of Fedhas.
  2056 | D:3      | Found a sacrificial altar of Ru.
  2145 | D:3      | Noticed Robin
  2155 | D:3      | Reached XP level 5. HP: 41/41 MP: 5/5
  2157 | D:3      | Killed Robin
  2179 | D:3      | Reached skill level 4 in Axes
  2266 | D:3      | Found an ornate altar of the Wu Jian Council.
  3212 | D:4      | Gained mutation: You regenerate magic rapidly. [demonic
                  | ancestry]
  3212 | D:4      | Reached XP level 6. HP: 46/48 MP: 6/6
  3471 | D:4      | Found a staircase to the Ecumenical Temple.
  3687 | D:4      | Splashed by a jelly's acid

Illustrated notes

Levels and vault maps discovered:
D:1:      lemuel_arrival_funnel, layout_loops_corners,
          hellmonk_ecumenical_altar_heavens_door
D:2:      layout_loops_ring, serial_shops, shop
D:3:      layout_basic, grunt_temple_overflow_open,
          mainiacjoe_overflow_chevrons, uniq_robin
D:4:      layout_basic, minmay_temple_entry_glassed_door, kennysheep_boxes

Skill      XL: |  1  2  3  4  5  6 |
---------------+-------------------+-----
Axes           | 3 4 |  4.6
Dodging        | 2 |  2.7
Unarmed Combat | 1 |  1.6
Armour         | 2 3 |  3.0
Stealth        | 1 |  1.6
Fighting       | |  3.9

Action                     |  1- 3 |  4- 6 || total
---------------------------+-------+-------++-------
  Melee: Hand axe          |    82 |   220 ||   302
         Tailslap          |     4 |    27 ||    31
         Punch             |     1 |     2 ||     3
 Invoke: Berserk           |     1 |     3 ||     4
    Use: Potion            |     1 |     1 ||     2
         Scroll            |       |     6 ||     6
   Stab: Sleeping          |     1 |       ||     1
 Armour: Animal skin       |    39 |       ||    39
         Ring mail         |     8 |     8 ||    16
         Chain mail        |       |   161 ||   161
  Dodge: Dodged            |    59 |    93 ||   152
